 Dungeon Sprint DCSS version 0.04.2-19-ga012a504bd (webtiles) character file.

Game seed: 12242615155751776104, levelgen mode: deterministic

8 diana the Magician (level 2, -4/15 HPs) Deep Elf Venom Mage. Began on May 23, 2021. Was an Initiate of Vehumet. Shot with an arrow by a deep elf archer (12 damage) ... in the Dungeon (Sprint V: "Ziggurat Sprint"). The game lasted 00:01:07 (113 turns).

diana the Magician (Deep Elf Venom Mage)             Turns: 113, Time: 00:01:08

Health: -4/15      AC: 25    Str: 15    XL:     2 ^: 29
Magic:  10/10      EV:  9    Int: 19    God:    Vehumet [0* [15]]
Gold:   0          SH:  0    Dex: 15    Spells: 11/12 levels left

rFire    + + .     Vision   .   E - +7 great mace "Firestarter" {inner flame, rF++}
rCold    . . .     Gourm    .   (also wielding the above weapon)
rNeg     . . .     Faith    .   C - +15 Maxwell's patent armour {-Cast -Tele rElec MR+ rCorr}
rPois    .         Spirit   .   (no helmet)
rElec    +         Reflect  .   (no cloak)
rCorr    +         Harm     .   (no gloves)
MR       +....     NoTele   +   (no boots) Stlth ..........NoCast +
                                (no amulet)
HPRegen  0.15/turn              x - ring of strength
MPRegen  0.20/turn              y - ring of strength

@: no status effects
A: no striking features
a: Renounce Religion


You were in the Dungeon.
You worshipped Vehumet.
Vehumet was noncommittal.
You were not hungry.

You visited 1 branch

Inventory:

Weapons
 E - the +7 great mace "Firestarter" (weapon) {inner flame, rF++}
   (You found it in the Dungeon)

   Its malleable surface is completely molten, allowing it to meld around and
   partially ignore armour.
   Causes less base damage than a standard weapon; but partially ignores enemy's
   defense and burns causing additional damage to those that don't resist heat.
   It greatly protects you from fire.
Armour
 a - a +0 robe
 C - the +15 Maxwell's patent armour (worn) {-Cast -Tele rElec MR+ rCorr}
   (You found it in the Dungeon)

   It insulates you from electricity.
   It affects your resistance to hostile enchantments.
   It prevents spellcasting.
   It prevents most forms of teleportation.
   It provides partial protection from all sources of acid and corrosion.
Magical Staves
 D - the +6 Majin-Bo {vampiric, corrupt archmagi; MP+6 Int+6}
   (You found it in the Dungeon)

   [staff of ]

   Base accuracy: +5 Base damage: 5 Base attack delay: 1.2 This weapon's minimum
   attack delay (0.6) is reached at skill level 12.
   The minimum and maximum damage of damaging spells cast with this staff are
   significantly increased.
   It falls into the 'Staves' category.
   It is one handed.
   Its enchantment grants additive spellpower to the spells it enhances.
Jewellery
 t - an uncursed ring of dexterity
 u - an uncursed ring of dexterity
 v - an uncursed ring of intelligence
 w - an uncursed ring of intelligence
 x - a ring of strength (left hand)
 y - a ring of strength (right hand)
Wands
 z - a wand of disintegration (7)
 A - a wand of iceblast (7)
 B - a wand of acid (7)
Scrolls
 i - 4 scrolls of blinking
 o - 4 scrolls of amnesia
 p - 7 scrolls of fog
 q - a scroll of holy word
 r - 5 scrolls of bless item
 s - 2 scrolls of fear
Potions
 b - 2 potions of brilliance
 d - 10 potions of curing
 e - 10 potions of heal wounds
 f - 6 potions of haste
 g - 7 potions of magic
 h - 3 potions of berserk rage
 j - 2 potions of invisibility
 k - 4 potions of resistance
 m - 5 potions of agility
 n - 5 potions of might
Miscellaneous
 F - a crystal ball of energy
Comestibles
 c - 7 rations


   Skills:
 + Level 3.4 Maces & Staves
 + Level 4.4 Dodging
 - Level 2.4 Stealth
 + Level 5.6 Spellcasting
 - Level 1.0 Air Magic
 + Level 5.2 Poison Magic


You had 11 spell levels left.
You knew the following spells:

 Your Spells              Type           Power        Failure   Level  Hunger
a - Poisonous Vapours     Pois/Air       17 (50)      32%         1    None

Your spell library contained the following spells:

 Spells                   Type           Power        Failure   Level  Hunger
 Sting                    Pois           25 (25)      22%         2    None
 Mephitic Cloud           Pois/Air       17 (100)     69%         3    ##.....
 Olgreb's Toxic Radiance  Pois           25 (100)     80%         4    ####...
 Ignite Poison            Fire/Tmut      5 (100)      98%         3    ##.....


Dungeon Overview and Level Annotations

Branches:
Dungeon (1/1)

Altars:
Ashenzari
Cheibriados
Dithmenos
Elyvilon
Fedhas Madash
Gozag Ym Sagoz
Hepliaklqana
Kikubaaqudgha
Makhleb
Nemelex Xobeh
Okawaru
Qazlal
Ru
Sif Muna
Trog
Uskayaw
Vehumet
Wu Jian
Xom
Yredelemnul
Zin
The Shining One Bahamut & Tiamat
Beogh
Jiyva
Lugonu

Annotations:
D 1 transporter


Message History

The fire elemental hits you (0).
The deep elf archer wields a +0 shortbow.
The deep elf archer shoots an arrow.
The arrow pokes you but does no damage.
You thump the deep elf mage (8)! You burn the deep elf mage (8)!
The deep elf mage is filled with an inner flame.
The deep elf mage is moderately wounded. (28/44) HP The fire elemental hits you (0).
The deep elf mage hits you but does no damage.
The fire elemental hits you (0).
The deep elf archer shoots an arrow.
The arrow punctures you (7)!
The deep elf mage barely misses you (0).
You closely miss the deep elf mage. The fire elemental hits you (0).
The deep elf archer blinks!
The fire elemental hits you (0).
The deep elf mage hits you but does no damage.
Unknown command.
You barely miss the deep elf mage.
The fire elemental barely misses you (0).
The deep elf archer shoots an arrow.
The arrow punctures you (12)!
Ouch! That really hurt!
You die...

▓▓▓▓▓▓▓
▓.8©8.▓
▓.....▓
▓.)°[.▓
▓§.eE.▓
▓..@..▓
▓e.©..▓
▓▓▓▓▓▓▓


You could see a deep elf archer (inner flame), a deep elf mage (inner flame) and
a fire elemental.

Vanquished Creatures (others)
  A spatial maelstrom (D)
1 creature vanquished.

Notes
Turn   | Place    | Note
-------+----------+-------------------------------------------
     0 | D        | diana the Deep Elf Venom Mage began the quest for the Orb.
     0 | D        | Reached XP level 1. HP: 10/10 MP: 6/6
     0 | D        | Found a shimmering blue altar of Sif Muna.
     0 | D        | Found a sacrificial altar of Ru.
     0 | D        | Found a bloodstained altar of Trog.
     0 | D        | Found a stormy altar of Qazlal.
     0 | D        | Found an iron altar of Okawaru.
     0 | D        | Found a sparkling altar of Nemelex Xobeh.
     0 | D        | Found a blossoming altar of Fedhas.
     1 | D        | Found the +6 Majin-Bo {vampiric, corrupt archmagi; MP+6
                  | Int+6}
     1 | D        | Found the +9 ballista "Sniper" {velocity, Acc+∞ +Vis}
     1 | D        | Found the +10 dark maul {crush}
     1 | D        | Found the +15 Maxwell's patent armour {-Cast -Tele rElec
                  | MR+ rCorr}
     1 | D        | Found the +18 shield of the Gong {rElec rN+ MR+ EV-5}
     1 | D        | Found the +14 obsidian axe {chop, +Fly +Vis Soulbond}
     1 | D        | Found the +7 great mace "Firestarter" {inner flame, rF++}
     1 | D        | Found the +6 shillelagh "Devastator" {shatter}
     1 | D        | Found the +11 plutonium sword {*Contam Stlth-}
     1 | D        | Found the +8 lance "Wyrmbane" {slay drac, rPois rF+ rC+
                  | AC+3}
     1 | D        | Found the +9 sword of Zonguldrok {reap}
     1 | D        | Found the +13 scythe of Curses {drain, Soulbond}
     1 | D        | Found the +0 sword of Power
     1 | D        | Found the +7 mace of Variability {chain chaos}
     1 | D        | Found the +7 Singing Sword {slice, sonic wave}
     1 | D        | Found the +8 storm bow {elec, penet}
     2 | D        | Found a transporter.
     2 | D        | Found an ancient bone altar of Kikubaaqudgha.
     2 | D        | Found a viscous altar of Jiyva.
     2 | D        | Found a corrupted altar of Lugonu.
     2 | D        | Found a hazy altar of Hepliaklqana.
     2 | D        | Found a burning altar of Makhleb.
     2 | D        | Found an opulent altar of Gozag.
     5 | D        | Banished a spatial maelstrom
    48 | D        | Became a worshipper of Vehumet
    53 | D        | Reached skill level 5 in Spellcasting
    53 | D        | Reached skill level 5 in Poison Magic
    53 | D        | Reached XP level 2. HP: 15/15 MP: 6/10
   108 | D        | Entered arena 2.
   108 | D        | Noticed a deep elf archer
   108 | D        | Noticed a deep elf mage
   108 | D        | Found a transporter.
   109 | D        | Noticed a fire elemental
   113 | D        | Shot with an arrow by a deep elf archer

Levels and vault maps discovered:
D:        sprint_v [room_start, room_1, room_2, room_3, room_4, room_5, room_6,
          room_7, room_8, room_9, room_10, room_11, room_12, room_13, room_14,
          room_15, room_16, room_17, room_18, room_19, room_20, room_21,
          room_22, room_23, room_24, room_25, room_26, room_27]

Skill      XL: |  1 |
---------------+----+-----
Maces & Staves | 3 |  3.4
Dodging        | 4 |  4.4
Spellcasting   | 5 |  5.6
Poison Magic   | 5 |  5.2
Stealth        | |  2.4
Air Magic      | |  1.0

Action                   || total
-------------------------++-------
Melee: Great mace        ||     4
  Use: Potion            ||     1
Armor: Plate armour      ||     9
Dodge: Dodged            ||     2
